 Dungeon Crawl Stone Soup version 0.15-a0-734-g2b8d6ef (webtiles) character file.

11 4tharraofdagon the Firebug (level 2, -6/15 HPs)
             Began as a Tengu Fire Elementalist on May 11, 2014.
             Engulfed by a cloud of flame (14 damage)
             ... on Level 2 of the Dungeon.
             The game lasted 00:02:09 (358 turns).

4tharraofdagon the Firebug (Tengu Fire Elementalist) Turns: 358, Time: 00:02:09

HP  -6/15        AC  3     Str  8      XL: 2   Next: 29%
MP   5/5         EV 12     Int 15      God:
Gold 50          SH  0     Dex 14      Spells:  1 memorised,  4 levels left

rFire  . . .     SeeInvis .     h - +1,+2 spear
rCold  . . .     Clarity  .     a - +0 robe
rNeg   . . .     Conserve .     (no shield)
rPois  .         rCorr    .     (helmet restricted)
rElec  .         rRot     .     (no cloak)
SustAb . .       Spirit   .     j - +0 pair of gloves (curse)
rMut   .         Warding  .     (boots unavailable)
Gourm  .         Stasis   .     (no amulet)
MR     .....                    (no ring)
                                (no ring)

@: not resistant to hostile enchantments, unstealthy
A: beak, talons 3
a: no special abilities


You were on level 2 of the Dungeon.
You were not hungry.

You visited 1 branch of the dungeon, and saw 2 of its levels.

You collected 50 gold pieces.

Inventory:

Hand weapons
 h - a +1,+2 spear (weapon)
Armour
 a - a +0 robe (worn)
 j - a cursed +0 pair of gloves (worn)
Comestibles
 c - a bread ration
 d - a snozzcumber
Scrolls
 e - a scroll of random uselessness {unknown}
 f - 3 scrolls of teleportation {unknown}
 g - a scroll of magic mapping {unknown}
 i - a scroll of remove curse {unknown}
Books
 b - a book of Flames

   Spells                             Type                      Level
   *Flame Tongue                      Conjuration/Fire             1
   Throw Flame                        Conjuration/Fire             2
   Conjure Flame                      Conjuration/Fire             3
   Inner Flame                        Hexes/Fire                   3
   Sticky Flame                       Conjuration/Fire             4
   Fireball                           Conjuration/Fire             5


   Skills:
 - Level 2.1 Dodging
 - Level 2.0 Stealth
 + Level 2.1 Spellcasting
 * Level 1.8 Conjurations
 * Level 3.8 Fire Magic


You had 4 spell levels left.
You knew the following spells:

 Your Spells              Type           Power        Failure   Level  Hunger
a - Flame Tongue          Conj/Fire      ##...        10%         1    #......


Dungeon Overview and Level Annotations

Branches:
Dungeon (2/15)

Altars:
Gozag
Vehumet


Innate Abilities, Weirdness & Mutations

You have a beak for a mouth.
You have claws for feet.


Message History

You now have 28 gold pieces (gained 2).
You now have 30 gold pieces (gained 2).
You now have 32 gold pieces (gained 2).
You now have 34 gold pieces (gained 2).
You now have 36 gold pieces (gained 2).
You now have 38 gold pieces (gained 2).
There is an opulent altar of Gozag here.
You kneel at the altar of Gozag.
Gozag does not accept service from beggars like you!
The service fee for joining is currently 130 gold; you only have 38.
f - 3 scrolls labeled PAUVYC QUTA (gained 1)
You now have 43 gold pieces (gained 5).
Found 7 gold pieces.
Found a radiant altar of Vehumet.
You now have 50 gold pieces (gained 7).
Found a bat corpse.
Found a stone staircase leading down.
Really walk into a travel-excluded area?
You are engulfed in roaring flames.
Ouch! That really hurt!
You die...

..... . .... .. .# .# #.#
.# .#######..#####.##.#
.#...............#.####
.#....................
.#.............§§§..#
##.............§_§..###
...............§@§....#
..........###.......#....
.................#.##
.................#.#
.................# #
.................#
...........###......
...................#
########...........#


There were no monsters in sight!

Vanquished Creatures
  2 giant geckos (D:2)
  A hobgoblin (D:1)
  2 kobolds (D:2)
  2 bats (D:2)
  3 goblins
10 creatures vanquished.

Vanquished Creatures (others)
  A bat (D:2)
1 creature vanquished.

Grand Total: 11 creatures vanquished

Notes
Turn   | Place    | Note
--------------------------------------------------------------
     0 | D:1      | 4tharraofdagon, the Tengu Fire Elementalist, began the quest for the Orb.
     0 | D:1      | Reached XP level 1. HP: 10/10 MP: 3/3
   223 | D:2      | Reached XP level 2. HP: 15/15 MP: 0/5
   306 | D:2      | Found an opulent altar of Gozag.
   349 | D:2      | Found a radiant altar of Vehumet.
   358 | D:2      | Engulfed by a cloud of flame

Action                   || total
-------------------------++-------
Melee: Unarmed           ||     5
       Spear             ||     8
 Cast: Flame Tongue      ||    10
  Use: Potion            ||     3

Vault maps used:
D:1:      dpeg_arrival_connections, hex_medium
D:2:      kennysheep_the_goblin_king, lemuel_doored_altar,
          nicolae_gozag_seed_capital, nicolae_overflow_hidden_temple,
          fiery_altar_vehumet
